 Dungeon Crawl Stone Soup version 0.23-a0-582-g1b4a0ca (webtiles) character file.

11 Firecrotchwizard the Chopper (level 2, -1/25 HPs)
             Began as a Minotaur Gladiator on Dec 16, 2018.
             Slain by a gnoll
             ... wielding a +0 spear
              (10 damage)
             ... on level 1 of the Dungeon.
             The game lasted 00:01:52 (564 turns).

Firecrotchwizard the Chopper (Minotaur Gladiator)    Turns: 564, Time: 00:01:53

Health: -1/25      AC:  3    Str: 18    XL:     2   Next: 13%
Magic:  1/1        EV: 13    Int:  5    God:
Gold:   70         SH:  0    Dex: 11    Spells: 1/1 levels left

rFire    . . .     SeeInvis .   a - +0 war axe
rCold    . . .     Gourm    .   (no shield)
rNeg     . . .     Faith    .   b - +0 leather armour
rPois    .         Spirit   .   c - +0 hat
rElec    .         Reflect  .   (no cloak)
rCorr    .         Harm     .   (no gloves)
MR       .....                  (no boots)
Stlth    +.........             (no amulet)
HPRegen  0.08/turn              (no ring)
MPRegen  0.07/turn              (no ring)

@: no status effects
A: retaliatory headbutt, horns 2
a: no special abilities


You were on level 1 of the Dungeon.
You were not hungry.

You visited 1 branch of the dungeon, and saw 1 of its levels.

You collected 70 gold pieces.

Inventory:

Hand Weapons
 a - a +0 war axe (weapon)
Missiles
 d - 3 throwing nets {=f, !d}
Armour
 b - a +0 leather armour (worn)
 c - a +0 hat (worn)
Scrolls
 e - a scroll of enchant weapon {unknown}
 k - a scroll of immolation {unknown}
Potions
 h - 2 potions of curing {unknown}
 i - a potion of haste {unknown}
 j - a potion of mutation {unknown}
Comestibles
 f - 4 rations
 g - 3 chunks of flesh {@w0}


   Skills:
 + Level 2.7 Fighting
 + Level 3.8 Axes
 + Level 2.2 Throwing
 + Level 3.4 Dodging


You had one spell level left.
You didn't know any spells.
Your spell library was empty.

Dungeon Overview and Level Annotations

Branches:
Dungeon (1/15)

Altars:


Innate Abilities, Weirdness & Mutations

You reflexively headbutt those who attack you in melee.
You have a pair of horns on your head.


Message History

The kobold hits you with a +0 club.
You take 1 damage, and have 17/18 hp.
You slash the kobold!
You kill the kobold!
No target in view!
You now have 70 gold pieces (gained 17).
k - a scroll labeled BYSHOH XUFELU A goblin comes into view.
It is wielding a +0 club.
The goblin shouts!
The goblin hits you but does no damage.
Health restored: 18 You barely miss the goblin.
The goblin barely misses you.
You hit the goblin.
You kill the goblin!
You have reached level 2!
Health restored: 25; MP restored: 1
Things that are here:
a +0 club; a goblin corpse You butcher the goblin corpse.
g - 3 chunks of flesh {@w0} (gained 2)
Things that are here:
a +0 club; a goblin skeleton
Things that are here:
a +0 club; a goblin skeleton A rat comes into view.
You closely miss the rat. The rat bites you.
The rat bites you but does no damage.
You take 1 damage, and have 24/25 hp.
You closely miss the rat. You headbutt the rat.
You kill the rat!
No target in view!
A rat comes into view.
The rat closely misses you.
You hit the rat but do no damage. The rat barely misses you.
Health restored: 25 You slash the rat!
You kill the rat!
No target in view!
You butcher the rat corpse.
g - 4 chunks of flesh {@w0} (gained 1)
You see here a rat skeleton. x2
You enter the shallow water.
Moving in this stuff is going to be slow.
There is a large open door here.
You open the door. You open the door.
There is an open door here.
You open the door.
There is an open door here.
You open the door.
There is an open door here.
You open the door.
There is an open door here.
There is an open door here.
There is an open door here.
You open the door.
Found a stone staircase leading down.
There is an open door here.
There is an open door here.
There is a large open door here.
You enter the shallow water.
Moving in this stuff is going to be slow.
Some of the chunks of flesh in your inventory have rotted away.
A goblin comes into view. It is wielding a +0 dagger.
The goblin shouts!
You closely miss the goblin. Your headbutt misses the goblin.
The goblin hits you but does no damage. The goblin barely misses you.
You hit the goblin.
You kill the goblin!
No target in view!
Search for what [? for help]? arm A gnoll comes into view.
It is wielding a +0 spear.
Things that are here:
a +0 dagger; a goblin corpse A gnoll is nearby!
The gnoll shouts!
The gnoll misses you.
You closely miss the gnoll. The gnoll hits you with a +0 spear.
You take 1 damage, and have 24/25 hp.
You hit the gnoll. The gnoll closely misses you.
You closely miss the gnoll. The gnoll hits you with a +0 spear.
The gnoll closely misses you. You furiously retaliate!
You headbutt the gnoll, but do no damage.
You take 5 damage, and have 19/25 hp.
You closely miss the gnoll. The gnoll closely misses you.
You hit the gnoll. Your headbutt misses the gnoll.
The gnoll hits you with a +0 spear.
You take 4 damage, and have 15/25 hp.
Unknown command.
You are too injured to fight recklessly!
You are too injured to fight recklessly!
You hit the gnoll but do no damage. The gnoll closely misses you.
The gnoll barely misses you.
You closely miss the gnoll. The gnoll barely misses you.
You furiously retaliate!
You headbutt the gnoll, but do no damage.
You hit the gnoll. The gnoll barely misses you.
You closely miss the gnoll. The gnoll hits you with a +0 spear.
The gnoll hits you with a +0 spear!
You die...

+#'#≈≈≈.......#....#
≈≈≈≈≈≈≈.......#..###
≈≈≈≈≈≈≈.......#[...#
≈≈≈≈≈≈≈.......[.####
..............######
...................#
...............###.#
#########...##.###.#
..............).@g.#
#########......###.#
######## .. .# #


You could see a gnoll.

Vanquished Creatures
  2 goblins (D:1)
  2 hobgoblins (D:1)
  A bat (D:1)
  2 frilled lizards (D:1)
  A kobold (D:1)
  4 rats (D:1)
12 creatures vanquished.

Notes
Turn   | Place    | Note
-------+----------+-------------------------------------------
     0 | D:1      | Firecrotchwizard the Minotaur Gladiator began the quest for
                  | the Orb.
     0 | D:1      | Reached XP level 1. HP: 18/18 MP: 0/0
   357 | D:1      | Reached XP level 2. HP: 25/25 MP: 1/1
   564 | D:1      | Slain by a gnoll

Vault maps used:
D:1:      dpeg_arrival_castle, chequers_serial_rivers_room_b,
          chequers_serial_rivers_micro_a

Action                   || total
-------------------------++-------
Melee: War axe           ||    33
       Headbutt          ||     5
Armor: Leather armour    ||     2
Dodge: Dodged            ||    23

Table legend:
 A = Non-vault XP
 B = Vault XP
 C = Vault XP percentage of total XP
 D = Non-vault monster count
 E = Vault monster count
 F = Vault count percentage of total count
                 A         B        C        D         E       F
            +---------+---------+-------+---------+---------+-------
      Total |      16 |       0 |   0.0 |      12 |       0 |   0.0
            +---------+---------+-------+---------+---------+-------
        D:1 |      16 |       0 |   0.0 |      12 |       0 |   0.0
            +---------+---------+-------+---------+---------+-------

Vault maps used:
D:1:      dpeg_arrival_castle, chequers_serial_rivers_room_b,
          chequers_serial_rivers_micro_a

Table legend:
 A = Turns spent in this place as a percentage of turns spent in the entire game.
 B = Non-inter-level travel turns spent in this place as a percentage of non-inter-level travel turns spent in the entire game.
 C = Inter-level travel turns spent in this place as a percentage of turns spent in this place.
 D = Turns resting spent in this place as a percentage of non-inter-level travel turns spent in this place.
 E = Turns spent auto-exploring this place as a percentage of non-inter-level travel turns spent in this place.
 F = Non-inter-level travel turns spent in this place divided by the number of levels of this place that you've seen.
                   A       B       C       D       E      F
               +-------+-------+-------+-------+-------+----------------------
         Total | 100.0 | 100.0 |   0.0 |   0.0 |  86.3 | 564.0
       Dungeon | 100.0 | 100.0 |   0.0 |   0.0 |  86.3 | 564.0
               +-------+-------+-------+-------+-------+----------------------

Table legend:
 A = Kills in this place as a percentage of kills in entire the game.
 B = Kills by you in this place as a percentage of kills by you in the entire game.
 C = Kills by friends in this place as a percentage of kills by friends in the entire game.
 D = Other kills in this place as a percentage of other kills in the entire game.
 E = Experience gained in this place as a percentage of experience gained in the entire game.
 F = Experience gained in this place divided by the number of levels of this place that you have seen.
                   A       B       C       D       E      F
               +-------+-------+-------+-------+-------+----------------------
         Total | 100.0 | 100.0 |   N/A |   N/A | 100.0 |  16.0
       Dungeon | 100.0 | 100.0 |   N/A |   N/A | 100.0 |  16.0
               +-------+-------+-------+-------+-------+----------------------
